 Dungeon Sprint DCSS version 0.20-a0-1088-gd50b1d5 (webtiles) character file.

1250 JiminyMac the Grappler (level 8, 0/145 HPs)
             Began as a Troll Berserker on May 3, 2017.
             Was a Priest of Trog.
             Shot with an arrow by a centaur warrior (14 damage)
             ... in the Dungeon (Sprint I: "Red Sonja").
             The game lasted 00:07:20 (522 turns).

JiminyMac the Grappler (Troll Berserker)             Turns: 522, Time: 00:07:21

Health: 0/145      AC:  5    Str: 33    XL:     8   Next: 26%
Magic:  7/7        EV: 10    Int:  3    God:    Trog [***...]
Gold:   323        SH:  0    Dex:  9    Spells: 7/7 levels left

rFire    . . .     SeeInvis .     - Unarmed
rCold    . . .     Gourm    +   (no shield)
rNeg     . . .     Faith    .   a - +0 animal skin
rPois    .         Spirit   .   (helmet restricted)
rElec    .         Reflect  .   (no cloak)
rCorr    .         Harm     .   (gloves unavailable)
MR       .....     NoTele   +   (boots unavailable)
Stlth    ..........             (no amulet)
Regen    0.8/turn               (no ring)
MPRegen  0.1/turn               (no ring)

@: berserking, very quick
A: unfitting armour, claws 3, fast metabolism 3, gourmand, regeneration 1,
shaggy fur 1, tough skin 2
a: Berserk, Trog's Hand, Burn Spellbooks, Renounce Religion


You were in the Dungeon.
You worshipped Trog.
Trog was most pleased with you.
You were near starving.

You visited 1 branch You collected 405 gold pieces.
You spent 82 gold pieces at shops.

Inventory:

Armour
 a - a +0 animal skin (worn)
Scrolls
 h - 2 scrolls of blinking
Potions
 c - a potion of curing
 d - a potion of heal wounds
 e - a potion of haste
 f - 2 potions of magic
 g - a potion of berserk rage
 i - a potion of cancellation {unknown}
 j - a potion of flight {unknown}
Comestibles
 b - a bread ration


   Skills:
 + Level 11.1 Fighting
 - Level 2.4 Dodging
 + Level 12.9 Unarmed Combat


You had 7 spell levels left.
You didn't know any spells.

Dungeon Overview and Level Annotations

Branches:
Dungeon (1/1)

Altars:
Cheibriados
Dithmenos
Elyvilon
Fedhas
Gozag
Hepliaklqana
Kikubaaqudgha
Makhleb
Nemelex Xobeh
Okawaru
Qazlal
Ru
Sif Muna
Trog
Uskayaw
Vehumet
Wu Jian
Xom
Yredelemnul
Zin
The Shining One
Jiyva
Lugonu

Shops:
D ?


Innate Abilities, Weirdness & Mutations

You are too large for most types of armour.
You have claws for hands.
Your metabolism is lightning-fast.
You like to eat raw meat.
Your natural rate of healing is unusually fast.
You are covered in fur. (AC +1)
You have very tough skin. (AC +2)


Message History

The centaur warrior shoots an arrow.
The arrow hits you!!
* * * LOW HITPOINT WARNING * * *
Things that are here:
an arrow; 23 stones A red film seems to cover your vision as you go berserk!
You feel yourself moving faster!
You feel mighty!
You are near starving!
The centaur warrior shoots an arrow.
The arrow barely misses you.
You feel a strong urge to attack something.
The centaur warrior unwields an uncursed shortbow.
The centaur warrior hits you!
* * * LOW HITPOINT WARNING * * *
Things that are here:
an arrow; 11 gold pieces You scratch the centaur warrior.
The centaur warrior is lightly wounded.
You closely miss the centaur warrior. You claw the centaur warrior!
The centaur warrior is heavily wounded.
The centaur warrior shoots an arrow.
The arrow hits you!
You die...

.#..').#..'..#__#..'...#
.'[.#..').#..'..'..#)).#
.#####'#####'#__####...+
.####..#...#(####)(#####
.#__####..##(#≈≈≈§.#
.#_____##'#_.'§§§..+
⌠#_.∩...'..._#≈c§§§#
##_..__##_.#+##(####
#_____###+# #$c@(#
####### ##+###


You could see 2 centaur warriors.

Vanquished Creatures
  2 kobold demonologists (D)
  A slime creature (D)
  Sigmund (D)
  A yak (D)
  A floating eye (D)
  An ogre (D)
  A jelly (D)
  Ijyb (D)
9 creatures vanquished.

Notes
Turn   | Place    | Note
-------+----------+-------------------------------------------
     0 | D        | JiminyMac the Troll Berserker began the quest for the Orb.
     0 | D        | Reached XP level 1. HP: 22/22 MP: 0/0
     1 | D        | Noticed Ijyb
    15 | D        | Killed Ijyb
    15 | D        | Reached skill level 4 in Unarmed Combat
    15 | D        | Reached XP level 2. HP: 32/32 MP: 1/1
    20 | D        | Noticed an ogre
    24 | D        | Killed an ogre
    24 | D        | Reached skill level 5 in Fighting
    24 | D        | Reached skill level 7 in Unarmed Combat
    24 | D        | Reached XP level 3. HP: 44/44 MP: 2/2
    24 | D        | Reached XP level 4. HP: 52/52 MP: 3/3
    69 | D        | Noticed Sigmund
    72 | D        | Killed Sigmund
    72 | D        | Reached ** piety under Trog
    72 | D        | Reached skill level 9 in Unarmed Combat
    72 | D        | Reached XP level 5. HP: 63/63 MP: 4/4
   100 | D        | Found a burning altar of Makhleb.
   100 | D        | Found a viscous altar of Jiyva.
   100 | D        | Found a shimmering altar of Xom.
   100 | D        | Found a corrupted altar of Lugonu.
   100 | D        | Noticed a slime creature
   106 | D        | Killed a slime creature
   106 | D        | Reached skill level 10 in Unarmed Combat
   106 | D        | Reached XP level 6. HP: 31/75 MP: 5/5
   178 | D        | Found an ornate altar of the Wu Jian Council.
   178 | D        | Found a deep blue altar of Sif Muna.
   180 | D        | Found a radiant altar of Vehumet.
   187 | D        | Found Xejoas's Magic Scroll Emporium.
   187 | D        | Found an ancient bone altar of Kikubaaqudgha.
   187 | D        | Found a hazy altar of Hepliaklqana.
   187 | D        | Found a stormy altar of Qazlal.
   187 | D        | Found a hide-covered altar of Uskayaw.
   187 | D        | Found a blossoming altar of Fedhas.
   187 | D        | Found a bloodstained altar of Trog.
   187 | D        | Found an iron altar of Okawaru.
   187 | D        | Found a basalt altar of Yredelemnul.
   187 | D        | Found a glowing golden altar of the Shining One.
   187 | D        | Found a snail-covered altar of Cheibriados.
   187 | D        | Found a sacrificial altar of Ru.
   187 | D        | Found a glowing silver altar of Zin.
   187 | D        | Found a shadowy altar of Dithmenos.
   187 | D        | Found a white marble altar of Elyvilon.
   187 | D        | Noticed a yak
   192 | D        | Killed a yak
   192 | D        | Reached *** piety under Trog
   192 | D        | Reached skill level 11 in Unarmed Combat
   192 | D        | Reached XP level 7. HP: 68/84 MP: 6/6
   193 | D        | Found an opulent altar of Gozag.
   194 | D        | Found a sparkling altar of Nemelex Xobeh.
   198 | D        | Bought a scroll of blinking for 82 gold pieces
   256 | D        | Noticed a kobold demonologist
   258 | D        | Noticed a kobold demonologist
   260 | D        | Reached skill level 10 in Fighting
   262 | D        | Noticed a rust devil
   262 | D        | Noticed an orange demon
   263 | D        | Killed a kobold demonologist
   263 | D        | Reached skill level 12 in Unarmed Combat
   264 | D        | Noticed a sixfirhy
   267 | D        | Killed a kobold demonologist
   267 | D        | Reached **** piety under Trog
   267 | D        | Reached XP level 8. HP: 26/97 MP: 7/7
   511 | D        | Noticed a centaur warrior
   514 | D        | Noticed a centaur warrior
   522 | D        | Shot with an arrow by a centaur warrior

Vault maps used:
D:        dungeon_sprint_1

Skill      XL: |  1  2  3  4  5  6  7 |
---------------+----------------------+-----
Fighting       | 4 5 7 9 11 | 11.1
Unarmed Combat | 4 7 9 10 11 12 | 12.9
Dodging        | |  2.4

Action                   |  1- 3 |  4- 6 |  7- 9 || total
-------------------------+-------+-------+-------++-------
Melee: Unarmed           |    16 |    14 |    10 ||    40
       Punch             |     1 |       |     1 ||     2
Invok: Berserk           |     1 |     1 |     2 ||     4
       Brothers in Arms  |       |       |     1 ||     1
  Eat: Bread ration      |       |       |     1 ||     1
Armor: Animal skin       |     6 |     1 |     2 ||     9
Dodge: Dodged            |     6 |     3 |     5 ||    14
